 Dungeon Crawl Stone Soup version 0.28.0-62-gf88900778d (webtiles) character file.

Game seed: 7810012465962650807

560197 caple the Dwarven Barricade (level 24, -30/235 (238) HPs)
             Began as a Deep Dwarf Fighter on Apr 11, 2024.
             Was the Champion of Jiyva.
             Killed from afar by an orb of fire (59 damage)
             ... with a bolt of fire
             ... on level 5 of the Realm of Zot on Apr 12, 2024.
             The game lasted 05:47:07 (46307 turns).

caple the Dwarven Barricade (Deep Dwarf Fighter)   Turns: 46307, Time: 05:47:08

HP:   -30/235 (238) AC: 43    Str: 42      XL:     24   Next: 74%
MP:   0/0           EV: 15    Int:  9      God:    Jiyva [******]
Gold: 3211          SH: 38    Dex: 12 (16) Spells: 23/23 levels left

rFire   . . .      SeeInvis .   O - +7 Screaming Sword {vorpal, sonic wave}
rCold   + . .      Faith    .   W - +5 tower shield
rNeg    + . .      Spirit   .   N - +10 plate armour {ponderous}
rPois   .          Reflect  +   a - +2 helmet of Untruth {Regen+}
rElec   .          Harm     .   A - +2 cloak
rCorr   +          Rampage  .   c - +3 pair of gauntlets of War {Slay+5}
Will    +++..                   o - +2 pair of boots
Stlth   ..........              T - amulet of reflection
HPRegen 1.60/turn               h - +4 ring of slaying
MPRegen 0.57/turn               u - +6 ring of strength

@: lightly drained, slow
A: damage resistance, heal wounds, negative energy resistance 1, sense
surroundings 3, no regeneration, large bone plates 1, agile 2, cold resistance
1, deterioration 1, shaggy fur 1, strong 2, eyeballs 2, gelatinous body 2,
pseudopods 3, MP-powered wands, engulf
}: 4/15 runes: decaying, slimy, silver, gossamer
a: Heal Wounds, Renounce Religion, Oozemancy, Slimify


You were on level 5 of the Realm of Zot.
You worshipped Jiyva.
Jiyva was exalted by your worship.
You visited 11 branches of the dungeon, and saw 54 of its levels.
You visited the Abyss 1 time.
You also visited: Bailey, Ice Cave, Volcano and Wizlab.

You collected 6515 gold pieces.
You spent 3304 gold pieces at shops.

Inventory:

Hand Weapons
 y - the +9 demon trident of Incongruity {vamp, rElec Will+}
   (You found it on level 14 of the Dungeon)

   It occasionally heals its wielder for a portion of the damage dealt when it
   wounds a living foe.
   rElec:     It insulates you from electricity.
   Will:      It increases your willpower.
 D - the +10 morningstar "Eos" {elec, Halo rElec}
   (You found it in a bailey)

   It occasionally discharges a powerful burst of electricity upon striking a
   foe.
   It grants its wielder a halo, increasing accuracy against those within it.
   rElec:     It insulates you from electricity.
 O - the +7 Screaming Sword (weapon) {vorpal, sonic wave}
   (You found it in a wizard's laboratory)

   It inflicts extra damage upon your enemies.
   It radiates damaging sonic waves as it strikes, especially in combat
   involving dangerous or numerous foes.
Armour
 a - the +2 helmet of Untruth (worn) {Regen+}
   (You found it on level 3 of the Depths)

   Regen:     It increases your rate of health regeneration.
 c - the +3 pair of gauntlets of War (worn) {Slay+5}
   (You bought it in a shop on level 2 of the Dungeon)

   Slay:      It affects your accuracy & damage with ranged weapons and melee
   (+5).
 o - a +2 pair of boots (worn)
 A - a +2 cloak (worn)
 N - a +10 plate armour of ponderousness (worn)
 Q - +1 gold dragon scales
 U - a +2 cloak
 W - a +5 tower shield (worn)
Jewellery
 h - a +4 ring of slaying (left hand)
 u - a +6 ring of strength (right hand)
 T - an amulet of reflection (around neck)
Wands
 b - a wand of iceblast (13)
 g - a wand of flame (110)
 p - a wand of acid (8)
 q - a wand of mindburst (4)
 v - a wand of paralysis (26)
 S - a wand of polymorph (12)
Scrolls
 f - 2 scrolls of summoning
 l - a scroll of brand weapon
 w - a scroll of blinking
 C - a scroll of enchant weapon
 I - 9 scrolls of fear
 J - 11 scrolls of teleportation
 M - 2 scrolls of amnesia
 V - 3 scrolls of magic mapping
Potions
 d - 4 potions of might
 i - 8 potions of curing
 j - 4 potions of magic
 k - 6 potions of berserk rage
 m - 2 potions of cancellation
 s - 7 potions of lignification
 z - 3 potions of resistance
 E - 3 potions of brilliance
 F - 7 potions of invisibility
 G - 5 potions of ambrosia
 L - 4 potions of haste
 P - a potion of flight
Miscellaneous
 e - a phantom mirror
 n - a condenser vane
 r - a phantom mirror
 t - a condenser vane
 x - a phantom mirror
 B - a piece from Xom's chessboard (15/15)
 H - a phantom mirror
 K - a phial of floods
 Y - a tin of tremorstones (2/2)
 Z - a phantom mirror


   Skills:
 + Level 18.5 Fighting
 + Level 17.2 Long Blades
 + Level 13.1(18.5) Axes
 + Level 19.0(20.2) Maces & Flails
 + Level 3.3(7.9) Polearms
 + Level 19.5 Armour
 + Level 10.5 Dodging
 + Level 8.3 Stealth
 O Level 27 Shields
 + Level 1.9 Evocations


You had 23 spell levels left.
You didn't know any spells.
Your spell library contained the following spells:

 Spells                   Type           Power      Damage    Failure   Level
 Apportation              Tloc           0%         N/A       75%         1
 Beastly Appendage        Tmut           0%         N/A       75%         1
 Freeze                   Ice            0%         1d3       75%         1
 Magic Dart               Conj           0%         1d3       75%         1
 Sandblast                Erth           0%         2d4       75%         1
 Shock                    Conj/Air       0%         1d3       75%         1
 Corpse Rot               Necr/Air       0%         N/A       86%         2
 Searing Ray              Conj           0%         2d4       86%         2
 Static Discharge         Conj/Air       0%         N/A       86%         2
 Sublimation of Blood     Necr           0%         N/A       86%         2
 Wereblood                Tmut           0%         N/A       86%         2
 Call Canine Familiar     Summ           0%         N/A       98%         3
 Confusing Touch          Hex            0%         N/A       98%         3
 Frozen Ramparts          Ice            0%         1d2       98%         3
 Gell's Gravitas          Tloc           0%         N/A       98%         3
 Lesser Beckoning         Tloc           0%         N/A       98%         3
 Mephitic Cloud           Conj/Pois/Air  0%         N/A       98%         3
 Portal Projectile        Hex/Tloc       0%         N/A       98%         3
 Spider Form              Tmut/Pois      0%         N/A       98%         3
 Swiftness                Air            0%         N/A       98%         3
 Teleport Other           Tloc           0%         N/A       98%         3
 Vampiric Draining        Necr           0%         2d6       98%         3
 Airstrike                Air            0%         N/A       100%        4
 Animate Armour           Summ/Erth      0%         N/A       100%        4
 Cause Fear               Hex            0%         N/A       100%        4
 Dispel Undead            Necr           0%         3d6       100%        4
 Fulminant Prism          Conj/Hex       0%         3d6       100%        4
 Hailstorm                Conj/Ice       0%         3d3       100%        4
 Ice Form                 Ice/Tmut       0%         N/A       100%        4
 Iskenderun's Mystic Bla  Conj/Tloc      0%         2d3       100%        4
 Leda's Liquefaction      Hex/Erth       0%         N/A       100%        4
 Petrify                  Tmut/Erth      0%         N/A       100%        4
 Sticky Flame             Conj/Fire      0%         2d3       100%        4
 Alistair's Intoxication  Tmut/Pois      0%         N/A       100%        5
 Borgnjor's Vile Clutch   Necr/Erth      0%         N/A       100%        5
 Freezing Cloud           Conj/Ice/Air   0%         6-21      100%        5
 Irradiate                Conj/Tmut      0%         3d13      100%        5
 Iskenderun's Battlesphe  Conj           0%         2d6       100%        5
 Lightning Bolt           Conj/Air       0%         1d11      100%        5
 Metabolic Englaciation   Hex/Ice        0%         N/A       100%        5
 Summon Forest            Summ/Tloc      0%         N/A       100%        5
 Summon Mana Viper        Hex/Summ       0%         N/A       100%        5
 Yara's Violent Unravell  Hex/Tmut       0%         3d3       100%        5
 Death Channel            Necr           0%         N/A       100%        6
 Dispersal                Tloc           0%         N/A       100%        6
 Eringya's Noxious Bog    Tmut/Pois      0%         N/A       100%        6
 Simulacrum               Ice/Necr       0%         N/A       100%        6
 Statue Form              Tmut/Erth      0%         N/A       100%        6
 Summon Cactus Giant      Summ           0%         N/A       100%        6
 Dragon Form              Tmut           0%         N/A       100%        7
 Enfeeble                 Hex            0%         N/A       100%        7
 Malign Gateway           Summ/Tloc      0%         N/A       100%        7
 Storm Form               Tmut/Air       0%         N/A       100%        7
 Summon Hydra             Summ           0%         N/A       100%        7
 Disjunction              Tloc           0%         N/A       100%        8
 Lehudib's Crystal Spear  Conj/Erth      0%         10d2      100%        8
 Maxwell's Capacitive Co  Air            0%         ∞         100%        8
 Dragon's Call            Summ           0%         N/A       100%        9


Dungeon Overview and Level Annotations

Branches:
Dungeon (15/15)            Temple (1/1) D:5            Lair (6/6) D:10
  Swamp (4/4) Lair:3       Spider (4/4) Lair:3        Slime (5/5) Lair:6
    Orc (2/2) D:9             Elf (3/3) Orc:2        Vaults (5/5) D:14
  Crypt (0/3) Vaults:3     Depths (4/4) D:15            Zot (5/5) Depths:4
 Bailey (visited)           IceCv (visited)         Volcano (visited)
 WizLab (visited)

Altars:
Ashenzari
Cheibriados
Dithmenos
Elyvilon
Fedhas
Gozag
Hepliaklqana
Kikubaaqudgha
Makhleb
Nemelex Xobeh
Qazlal
Ru
Sif Muna
Trog
Uskayaw
Vehumet
Wu Jian
Xom
Yredelemnul
Zin
The Shining One
Jiyva
Lugonu

Shops:
D:2 [   D:4 :[   D:7 :((*?   Orc:2 *?[*   Elf:3 [:[(!   Vaults:2 [   Vaults:3 *
Vaults:5 [   Zot:2 *   Depths:1 :=:

Portals:
Hell: Depths:1 Depths:2 Depths:3 Depths:4
Abyss: Depths:1 Depths:2 Depths:3
Pandemonium: Depths:2
Ziggurat: Depths:4
Trove: Elf:3 (show abyssal rune of Zot)

Annotations:
Slime:5 Royal Jelly


Innate Abilities, Weirdness & Mutations

You are resistant to damage.
You can heal yourself by infusing magical energy.
You resist negative energy. (rN+)
You passively map a large area around you.
You do not regenerate.
You are partially covered in large bone plates. (SH +4)
You are very agile. (Dex +4)
Your flesh is cold resistant. (rC+)
Your body sometimes deteriorates upon taking damage.
You are covered in fur. (AC +1)
Your muscles are very strong. (Str +4)
Your body has grown many eyes which may confuse attackers. (Acc +5)
Your pliable body absorbs attacks. (AC +2, EV +2)
Armour fits poorly on your massive pseudopods.
You expend magic power (3 MP) to strengthen your wands.
Your melee attacks may engulf your foes in ooze.


Message History

The green death blinks! x2; The green draconian blinks!
The green draconian monk blinks!
The tentacled monstrosity's grasp on you weakens, but your attempt to escape fails.
The electric golem blinks!
The Killer Klown blinks!
You hear a loud "Zot"!
The power of Zot is invoked against you!
The Orb Guardian is recalled. x2
The green death enters a dispersal trap!
The Orb Guardian blinks!
The green draconian blinks!
The black draconian blinks!
The tentacled monstrosity blinks!
The tentacled monstrosity loses its grip on you.
The Killer Klown blinks!
The shadow demon blinks!
You blink.
The green death blinks!
The Killer Klown does a flip.
The Killer Klown pies you viciously!
The klown pie reflects off an invisible shield around you!
The klown pie hits the Killer Klown!!
Moon pie!
The Killer Klown evaporates and reforms as a stone giant!
You hear a loud "Zot"!
An Orb Guardian comes into view.
Really walk into that dispersal trap?
You enter a dispersal trap!
The stone giant blinks!
The black draconian blinks!
The tentacled monstrosity blinks!
The green death blinks!
The Orb Guardian blinks!
The balrug blinks!
You blink.
You feel yourself speed up.
The electric golem hurls lightning at you.
The bolt of lightning hits the black draconian.
The black draconian completely resists.
The bolt of lightning misses you.
You hear a loud "Zot"!
An Orb Guardian comes into view.
The white draconian stormcaller mumbles some strange prayers to Qazlal against you.
Qazlal smites you!
* * * LOW HITPOINT WARNING * * *
You block the black draconian's attack.
The moth of wrath goads the black draconian on!
The black draconian goes berserk!
The juggernaut rages.
The orb of fire glows red.
The bolt of fire hits you!!!
You die...

,,,..§.........^..## #......
* ........^.......# ##..... ,
, .^.q..zp..X.§...# #.....
,...........)..†.# ##..... ,
.........§.§....# #...... * ,
,..^....d§§†.)...# ##...... *
,,,........§z§§X...###.......
* .....9.^y*XX{§.###...#####
......qdd@...§##....##
*,..^.XCXC§.^...§...###
.....##▓▓▓▓▓▓▓▓▓▓▓# ,...C2 ,
,,** *, ..... ,, , ,,, * ^.,,
,, , , , , ,, , * , ,,, , , ,
* , , ,, , ,*


You could see a juggernaut (berserk), an orb of fire, an electric golem, a
tentacled monstrosity (summoned), a green draconian monk, a black draconian
(berserk), a yellow draconian, a green draconian, a death cob, a stone giant, a
white draconian stormcaller, 4 Orb Guardians and a moth of wrath.

Vanquished Creatures
  A dread lich (Vaults:5)
  2 ancient liches (Vaults:5)
  A juggernaut (Depths:2)
  Sojobo (Vaults:2)
  Saint Roka (Vaults:2)
  Bai Suzhen (Vaults:2)
  7 curse toes
  6 golden dragons
  Nikola (Vaults:3)
  Jory (Vaults:3)
  A bone dragon (Depths:4)
  4 electric golems
  3 liches
  6 Orb Guardians (Zot:5)
  5 titans
  4 quicksilver dragons
  14 tentacled monstrosities
  Asterion (Elf:1)
  A deep elf master archer (Elf:3)
  10 death cobs
  4 tentacled starspawn
  2 sphinxes
  6 tengu reavers
  An Executioner (Abyss:1)
  Kirke (Swamp:2)
  5 shadow dragons
  11 storm dragons
  A thorn hunter (Swamp:2)
  4 draconian monks
  Roxanne (D:15)
  Donald (Vaults:3)
  3 draconian knights
  2 fenstrider witches
  8 fire giants
  2 emperor scorpions
  6 deep elf sorcerers
  Louise (D:15)
  Aizul (Vaults:4)
  3 draconian scorchers
  An orc warlord (Bailey)
  4 ghost moths
  6 frost giants
  5 deep elf elementalists (Elf:3)
  An angel (WizLab)
  26 vault wardens
  2 draconian stormcallers (Zot:4)
  22 ironbound preservers
  5 war gargoyles
  4 draconian shifters
  7 stone giants
  20 very ugly things
  7 broodmothers
  The ghost of cbfl8 the Severer, a journeyman MiBe of Trog (D:14)
  3 draconian annihilators
  Nessos (D:12)
  15 ironbound thunderhulks
  2 vampire knights
  7 green draconians
  2 eleionomae
  10 white draconians
  9 deep elf annihilators
  6 black draconians
  2 spark wasps
  4 red draconians
  5 yellow draconians
  9 purple draconians
  6 deep elf demonologists
  5 entropy weavers
  6 bunyips
  5 dire elephants
  Snorg (Lair:5)
  13 ettins
  8 deep elf death magi
  2 crystal guardians (WizLab)
  10 fire dragons
  4 deep elf high priests
  10 yaktaur captains
  Josephine (D:15)
  35 vault guards
  2 ice dragons (Swamp:4)
  2 rakshasas (Depths:1)
  An ogre mage (D:12)
  3 ghost crabs (Swamp:2)
  2 jorogumos (Spider:4)
  Fannar (Orc:1)
  A catoblepas (Lair:2)
  11 peacekeepers
  10 boulder beetles
  7 two-headed ogres
  10 hydras
  3 death knights
  A radroach (Spider:1)
  An anaconda (shapeshifter) (Depths:4)
  2 spriggan air magi (Depths:4)
  12 centaur warriors
  Erica (D:9)
  9 ironbound frosthearts
  37 dancing weapons
  5 deep troll shamans
  6 alligators
  2 vampire magi (Vaults:3)
  6 deep troll earth magi
  17 death yaks
  8 tengu warriors
  A thrashing horror (Abyss:1)
  5 hell knights (Vaults:5)
  A shock serpent (shapeshifter) (Vaults:5)
  6 spriggan berserkers
  3 wretched stars
  5 pharaoh ants
  27 deep elf knights
  11 spriggans
  Nergalle (Lair:2)
  A shadow wraith (Vaults:3)
  3 sun moths
  3 skeletal warriors (D:12)
  4 steelbarb worms
  10 iron trolls
  A sixfirhy (Depths:1)
  62 deep trolls
  A salamander mystic (Depths:1)
  4 goliath frogs
  3 spriggan druids
  6 flayed ghosts
  16 orb spiders
  5 swamp dragons
  A swamp dragon (shapeshifter) (Vaults:5)
  An orange crystal statue (Vaults:3)
  8 deep elf archers
  A tengu zombie (Depths:2)
  A death drake (Swamp:2)
  13 lindwurms
  7 phantasmal warriors
  7 necromancers
  8 wizards
  10 bog bodies
  2 golden dragon skeletons (Depths:3)
  26 deep elf zephyrmancers
  19 ironbound convokers
  3 orc sorcerers
  21 wolf spiders
  A shadow dragon zombie (Depths:3)
  28 deep elf pyromancers
  8 will-o-the-wisps
  A fire giant zombie (Depths:2)
  7 orc knights
  36 ugly things
  19 elephants
  A sphinx skeleton (Depths:2)
  A fire giant skeleton (Depths:2)
  5 cyclopes
  6 manticores
  An iron dragon skeleton (Abyss:2)
  11 salamanders
  11 black mambas
  Maurice (D:12)
  An ice statue (IceCv)
  27 moths of wrath
  An apocalypse crab (Abyss:2)
  A guardian serpent (Lair:6)
  2 naga magi (D:15)
  9 torpor snails
  A black mamba (shapeshifter) (Abyss:1)
  4 molten gargoyles
  14 vault sentinels
  8 gargoyles (WizLab)
  20 cane toads
  An unseen horror (D:11)
  Psyche (D:12)
  An efreet (D:15)
  8 komodo dragons
  3 tengu conjurers
  33 yaktaurs
  6 demonic crawlers
  2 ancient zymes
  8 freezing wraiths
  12 rime drakes
  A queen bee (shapeshifter) (Abyss:1)
  6 trolls
  5 polar bears (IceCv)
  Grinder (D:3)
  A queen bee (Lair:5)
  A bloated husk (Swamp:2)
  A harpy skeleton (D:15)
  14 tyrant leeches
  Prince Ribbit (Lair:3)
  21 meliai
  14 hornets
  A spriggan zombie (Depths:2)
  12 blink frogs
  11 dream sheep
  32 tarantellas
  A raiju (Abyss:1)
  A meliai zombie (D:10)
  31 jumping spiders
  A dream sheep (shapeshifter) (Abyss:2)
  A stone giant simulacrum (Vaults:2)
  20 culicivoras
  4 ynoxinuls
  2 air elementals
  An ettin skeleton (Vaults:2)
  3 water elementals
  A centaur simulacrum (D:15)
  7 large abominations
  7 basilisks
  13 wyverns
  2 fire elementals
  8 wraiths
  A fire bat (Volcano)
  4 shadows
  58 yaks
  Grum (D:7)
  2 swamp worm simulacra (Swamp:4)
  3 hogs (Swamp:2)
  A basilisk (shapeshifter) (Elf:2)
  A neqoxec (Abyss:1)
  6 humans (D:7)
  2 chaos spawn (Abyss:1)
  3 steam dragons
  60 redbacks
  20 vampire mosquitoes
  2 wargs
  14 hydra simulacra (Swamp:4)
  13 swamp worms
  2 acid dragons (Lair:6)
  19 water moccasins
  A floating eye (shapeshifter) (Depths:4)
  3 hell hounds
  4 swamp drakes
  A hornet zombie (D:9)
  2 sky beasts
  54 orc warriors
  The ghost of 7151Change the Chopper, an amateur DrBe of Trog (D:3)
  An ice beast (D:3)
  2 black bears
  4 small abominations
  13 centaurs
  3 necrophages
  26 wolves
  6 ogres
  2 phantoms (D:4)
  3 scorpions
  7 bullfrogs
  A gnoll sergeant (D:7)
  A wyvern zombie (D:6)
  A human skeleton (Vaults:2)
  2 elf zombies (Elf:1)
  2 water moccasin zombies
  4 earth elementals
  A wyvern skeleton (D:7)
  2 troll zombies (Swamp:3)
  39 killer bees
  2 howler monkeys
  A troll skeleton (Swamp:3)
  An oklob sapling (D:5)
  4 electric eels
  A bullfrog zombie (D:6)
  2 quasits
  6 centaur zombies
  An iron imp (Abyss:1)
  7 jellies
  2 gnoll shamans
  7 hounds
  18 orc priests
  2 bullfrog skeletons
  2 centaur skeletons
  Jessica (D:2)
  4 iguanas
  Natasha (thrice) (D:3)
  4 hell rats
  2 lightning spires (WizLab)
  22 orc wizards
  A killer bee zombie (D:8)
  A hound skeleton (D:4)
  25 gnolls
  2 howler monkey zombies
  14 adders
  A river rat (Lair:5)
  4 white imps
  6 swamp drake simulacra (Swamp:4)
  An adder skeleton (D:4)
  3 worms (D:2)
  5 dart slugs
  98 orcs
  3 endoplasms
  6 giant cockroaches
  17 hobgoblins
  8 jackals
  2 quokkas
  4 ball pythons
  4 bats
  A frilled lizard (D:2)
  22 goblins
  6 kobolds
  8 rats
  A briar patch (Swamp:2)
  A lurking horror (Abyss:2)
  2 starspawn tentacles (Abyss:1)
2154 creatures vanquished.

Vanquished Creatures (collateral kills)
  Jorgrun (Swamp:2)
  3 deep elf sorcerers (Elf:3)
  An eleionoma (Swamp:4)
  A deep elf annihilator (Elf:3)
  An ice dragon (Swamp:4)
  A shock serpent (shapeshifter) (Abyss:2)
  A wretched star (Abyss:2)
  An orb spider (Spider:4)
  A worldbinder (Abyss:2)
  A starspawn tentacle (Abyss:2)
12 creatures vanquished.

Vanquished Creatures (others)
  2 azure jellies (Depths:3)
  A lich (Depths:3)
  2 acid blobs
  2 fire giants
  An azure jelly (shapeshifter) (Vaults:3)
  4 very ugly things (Depths:3)
  A stone giant (Depths:3)
  4 great orbs of eyes
  A fire dragon (Depths:3)
  A deep elf death mage (Elf:3)
  4 yaktaur captains
  An ogre mage (Vaults:5)
  A two-headed ogre (D:12)
  2 ironbound frosthearts (Vaults:3)
  A centaur warrior (Vaults:3)
  2 alligators (Swamp:4)
  5 hell knights (Depths:3)
  A sun demon (Depths:3)
  A death drake (shapeshifter) (Depths:2)
  2 glowing orange brains
  2 wizards (Vaults:3)
  2 lindwurms (Vaults:3)
  A necromancer (Depths:3)
  A deep elf pyromancer (Elf:1)
  3 deep elf zephyrmancers
  3 ugly things
  2 moths of wrath (Zot:2)
  4 yaktaurs
  A tengu conjurer (Depths:1)
  A tyrant leech (Swamp:4)
  A bloated husk (Swamp:3)
  34 slime creatures
  2 jumping spiders
  A culicivora (Spider:1)
  A wyvern (Lair:6)
  2 spriggans (Swamp:3)
  An air elemental (Elf:3)
  2 basilisks
  4 redbacks
  A steam dragon (Lair:6)
  A swamp worm (Swamp:2)
  4 water moccasins (Lair:6)
  2 orc warriors (Orc:2)
  A centaur (D:11)
  A killer bee (Lair:5)
  293 jellies
  A quasit (Abyss:1)
  4 orc priests
  An iron imp (Abyss:2)
  An adder (Lair:3)
  2 ufetubi (Abyss:2)
  15 orcs
  A frilled lizard (shapeshifter) (Vaults:2)
  A butterfly (Lair:3)
  44 foxfires
  72 fungi
  A lurking horror (Abyss:1)
  142 plants
  10 starspawn tentacles
705 creatures vanquished.

Grand Total: 2871 creatures vanquished

Notes
Turn   | Place    | Note
-------+----------+-------------------------------------------
     0 | D:1      | caple the Deep Dwarf Fighter began the quest for the Orb.
     0 | D:1      | Reached XP level 1. HP: 20/20 MP: 1/1
   117 | D:1      | Reached XP level 2. HP: 21/27 MP: 2/2
   463 | D:1      | Noticed a great orb of eyes
   465 | D:1      | Found a faded altar of an unknown god.
   471 | D:1      | Noticed an eye of devastation
   471 | D:1      | Noticed an eye of devastation
   471 | D:1      | Noticed a golden eye
   503 | D:1      | Reached XP level 3. HP: 19/34 MP: 3/3
   885 | D:2      | Gained mutation: You are covered in fur. (AC +1) [potion of
                  | mutation]
   885 | D:2      | Gained mutation: You occasionally shout uncontrollably at
                  | your foes. [potion of mutation]
   886 | D:2      | Lost mutation: You are covered in fur. (AC +1) [potion of
                  | mutation]
   886 | D:2      | Lost mutation: You occasionally shout uncontrollably at
                  | your foes. [potion of mutation]
   886 | D:2      | Gained mutation: You are somewhat resistant to further
                  | mutation. [potion of mutation]
   897 | D:2      | Reached skill level 1 in Stealth
   952 | D:2      | Reached XP level 4. HP: 40/42 MP: 4/4
  1002 | D:2      | Found Tiryd's Antique Armour Emporium.
  1027 | D:2      | Noticed Jessica
  1028 | D:2      | Killed Jessica
  1029 | D:2      | Reached skill level 4 in Shields
  1059 | D:2      | Identified the amulet "Ahiu" {Acrobat Fragile rF+ Regen+}
  1239 | D:2      | Found a broken altar of Ashenzari.
  1264 | D:2      | Reached XP level 5. HP: 29/49 MP: 5/5
  1475 | D:3      | Noticed an ice beast
  1485 | D:3      | Killed an ice beast
  1696 | D:3      | Found a runed translucent door.
  1705 | D:3      | Noticed 7151Change's ghost (amateur DrBe)
  1728 | D:3      | Noticed Natasha
  1737 | D:3      | Killed Natasha
  1743 | D:3      | Noticed Grinder
  1755 | D:3      | Paralysed by Grinder for 7 turns
  1765 | D:3      | Paralysed by Grinder for 6 turns
  1771 | D:3      | Killed Grinder
  1772 | D:3      | Reached skill level 5 in Axes
  1772 | D:3      | Reached skill level 1 in Dodging
  1772 | D:3      | Reached XP level 6. HP: 51/56 MP: 6/6
  1863 | D:3      | Noticed Natasha
  1871 | D:3      | Killed Natasha
  2077 | D:3      | Noticed Natasha
  2087 | D:3      | Killed Natasha
  2088 | D:3      | Reached skill level 5 in Armour
  2088 | D:3      | Reached XP level 7. HP: 36/62 MP: 7/7
  2118 | D:3      | Killed 7151Change's ghost
  2324 | D:4      | Found Sihoamag's Antique Armour Shop.
  2348 | D:4      | Reached XP level 8. HP: 37/72 MP: 7/7
  2471 | D:4      | Found Roqa's Self-Improvement Boutique.
  2599 | D:5      | Entered Level 5 of the Dungeon
  2613 | D:5      | Lost mutation: You are somewhat resistant to further
                  | mutation. [potion of mutation]
  2613 | D:5      | Gained mutation: You expend magic power (3 MP) to
                  | strengthen your wands. [potion of mutation]
  2613 | D:5      | Gained mutation: You are agile. (Dex +2) [potion of
                  | mutation]
  2613 | D:5      | Gained mutation: Your flesh is heat resistant. (rF+)
                  | [potion of mutation]
  2667 | D:5      | Found a staircase to the Ecumenical Temple.
  2688 | D:5      | Reached skill level 5 in Shields
  3300 | D:6      | Gained mutation: You passively map the area around you.
                  | [Deep Dwarf growth]
  3300 | D:6      | Reached XP level 9. HP: 68/79 MP: 6/6
  3453 | D:6      | Reached skill level 5 in Fighting
  3491 | D:6      | Reached skill level 10 in Axes
  4184 | D:7      | Reached XP level 10. HP: 67/88 MP: 7/7
  4258 | D:7      | Found Jutre's Weapon Emporium.
  4282 | D:7      | Found a flagged portal.
  4310 | Bailey   | Entered a bailey
  4324 | Bailey   | Reached skill level 6 in Shields
  4532 | Bailey   | Noticed an orc warlord
  4553 | Bailey   | Killed an orc warlord
  4563 | Bailey   | Found the +10 morningstar "Eos" {elec, Halo rElec}
  4681 | Bailey   | Acquired 1178 gold pieces
  4862 | D:7      | Found Sitsill's General Store.
  4876 | D:7      | Found a shadowy altar of Dithmenos.
  4909 | D:7      | Found Pauttug's Antique Weapon Boutique.
  4953 | D:7      | Found Alodu's Magic Scroll Shoppe.
  4970 | D:7      | Bought a scroll of blinking for 90 gold pieces
  4970 | D:7      | Bought a scroll of identify for 24 gold pieces
  4970 | D:7      | Bought 3 scrolls of identify for 72 gold pieces
  4970 | D:7      | Bought a scroll of identify for 24 gold pieces
  4970 | D:7      | Bought a scroll of teleportation for 36 gold pieces
  4983 | D:7      | Noticed Grum
  4988 | D:7      | Reached skill level 7 in Shields
  4993 | D:7      | Killed Grum
  4994 | D:7      | Reached skill level 1 in Maces & Flails
  5105 | D:7      | Found Obyq's Book Shop.
  5487 | D:2      | Bought the +3 pair of gauntlets of War {Slay+5} for 1330
                  | gold pieces
  5487 | D:2      | Found the +3 pair of gauntlets of War {Slay+5}
  6261 | D:8      | Found a viscous altar of Jiyva.
  6285 | D:8      | Became a worshipper of Jiyva Juhuts the Shapeless
  6591 | D:9      | Noticed Erica
  6599 | D:9      | Killed Erica
  6602 | D:9      | Reached XP level 11. HP: 43/99 MP: 8/8
  6691 | D:9      | Found a staircase to the Orcish Mines.
  6874 | D:9      | Found an ancient bone altar of Kikubaaqudgha.
  6875 | D:9      | Found a radiant altar of Vehumet.
  6971 | D:9      | Reached * piety under Jiyva
  7118 | D:10     | Entered Level 10 of the Dungeon
  7125 | D:10     | Found a staircase to the Lair.
  7237 | D:10     | Noticed a two-headed ogre
  7242 | D:10     | Killed a two-headed ogre
  7243 | D:10     | Reached skill level 5 in Maces & Flails
  7309 | D:10     | Reached ** piety under Jiyva
  7543 | Lair:1   | Entered Level 1 of the Lair of Beasts
  7575 | Lair:1   | Reached skill level 8 in Shields
  7709 | Lair:1   | Reached *** piety under Jiyva
  7839 | Lair:1   | Lost mutation: You are agile. (Dex +2) [Jiyva's grace]
  7839 | Lair:1   | Gained mutation: Your movements are slightly less
                  | encumbered by armour. (ER -2) [Jiyva's grace]
  7839 | Lair:1   | Gained mutation: Your movements are less encumbered by
                  | armour. (ER -4) [Jiyva's grace]
  7839 | Lair:1   | Gained mutation: Your movements are significantly less
                  | encumbered by armour. (ER -6) [Jiyva's grace]
  7839 | Lair:1   | Gained mutation: You are partially covered in iridescent
                  | scales. (AC +2) [Jiyva's grace]
  8080 | Lair:1   | Reached **** piety under Jiyva
  8348 | Lair:2   | You fall into a shaft and drop 1 floor!
  8348 | Lair:3   | Noticed an eight-headed hydra
  8352 | Lair:3   | Killed an eight-headed hydra
  8353 | Lair:3   | Reached XP level 12. HP: 99/109 MP: 8/8
  8363 | Lair:3   | Noticed a six-headed hydra
  8370 | Lair:3   | Found a hole to the Spider Nest.
  8379 | Lair:3   | Killed a six-headed hydra
  8380 | Lair:3   | Reached skill level 9 in Shields
  8384 | Lair:3   | Found a dark tunnel.
  8405 | Volcano  | Entered a volcano
  8748 | Lair:3   | Noticed a death yak
  8750 | Lair:3   | Noticed a death yak
  8751 | Lair:3   | Noticed a death yak
  8752 | Lair:3   | Noticed a death yak
  8753 | Lair:3   | Noticed a death yak
  8754 | Lair:3   | Noticed Prince Ribbit
  8754 | Lair:3   | Noticed a death yak
  8758 | Lair:3   | Killed a death yak
  8762 | Lair:3   | Killed a death yak
  8768 | Lair:3   | Killed a death yak
  8771 | Lair:3   | Killed a death yak
  8772 | Lair:3   | Reached skill level 10 in Armour
  8776 | Lair:3   | Killed a death yak
  8780 | Lair:3   | Killed a death yak
  8781 | Lair:3   | Reached skill level 10 in Maces & Flails
  8783 | Lair:3   | Reached skill level 10 in Shields
  8794 | Lair:3   | Noticed a death yak
  8797 | Lair:3   | Noticed a death yak
  8800 | Lair:3   | Noticed a death yak
  8806 | Lair:3   | Killed a death yak
  8814 | Lair:3   | Killed a death yak
  8817 | Lair:3   | Reached XP level 13. HP: 55/117 MP: 6/6
  8821 | Lair:3   | Killed Prince Ribbit
  8901 | Lair:3   | Found a staircase to the Swamp.
  9392 | Lair:4   | Reached skill level 11 in Shields
  9507 | Lair:4   | Reached skill level 5 in Dodging
  9548 | Lair:4   | Reached ***** piety under Jiyva
  9586 | Lair:4   | Lost mutation: You expend magic power (3 MP) to strengthen
                  | your wands. [Jiyva's grace]
  9586 | Lair:4   | Lost mutation: Your movements are significantly less
                  | encumbered by armour. (ER -6) [Jiyva's grace]
  9586 | Lair:4   | Lost mutation: Your movements are less encumbered by
                  | armour. (ER -4) [Jiyva's grace]
  9586 | Lair:4   | Gained mutation: You possess an exceptional clarity of
                  | mind. [Jiyva's grace]
  9586 | Lair:4   | Gained mutation: Your mind is acute. (Int +2) [Jiyva's
                  | grace]
  9586 | Lair:4   | Gained mutation: Your mind is very acute. (Int +4) [Jiyva's
                  | grace]
  9586 | Lair:4   | Gained mutation: Your muscles are strong. (Str +2) [Jiyva's
                  | grace]
 10349 | Lair:5   | Reached skill level 12 in Shields
 10428 | Lair:5   | Gained mutation: You resist negative energy. (rN+) [Deep
                  | Dwarf growth]
 10428 | Lair:5   | Reached XP level 14. HP: 63/127 MP: 6/6
 10696 | Lair:5   | Noticed Snorg
 10706 | Lair:5   | Killed Snorg
 10809 | Lair:6   | Entered Level 6 of the Lair of Beasts
 10900 | Lair:6   | Lost mutation: Your mind is very acute. (Int +4) [Jiyva's
                  | grace]
 10900 | Lair:6   | Lost mutation: Your flesh is heat resistant. (rF+) [Jiyva's
                  | grace]
 10900 | Lair:6   | Gained mutation: You expend magic power (3 MP) to
                  | strengthen your wands. [Jiyva's grace]
 10900 | Lair:6   | Gained mutation: You have a small jelly attached to you
                  | that may absorb projectiles. [Jiyva's grace]
 10900 | Lair:6   | Gained mutation: Your rubbery body absorbs attacks. (AC +1,
                  | EV +1) [Jiyva's grace]
 10900 | Lair:6   | Gained mutation: Your pliable body absorbs attacks. (AC +2,
                  | EV +2) [Jiyva's grace]
 10968 | Lair:6   | Found a viscous altar of Jiyva.
 10968 | Lair:6   | Found a staircase to the Slime Pits.
 10982 | Slime:1  | Entered Level 1 of the Pits of Slime
 10988 | Slime:1  | Noticed an azure jelly
 10988 | Slime:1  | Noticed a rockslime
 11013 | Slime:1  | Noticed an acid blob
 11015 | Slime:1  | Noticed an acid blob
 11025 | Slime:1  | Noticed an acid blob
 11122 | Slime:1  | Noticed a quicksilver ooze
 11136 | Slime:1  | Noticed an acid blob
 11139 | Slime:1  | Noticed a rockslime
 11279 | Slime:2  | Noticed an azure jelly
 11284 | Slime:2  | Noticed an azure jelly
 11311 | Slime:2  | Noticed an azure jelly
 11366 | Slime:2  | Noticed an acid blob
 11563 | Slime:3  | Noticed a rockslime
 11564 | Slime:3  | Noticed a rockslime
 11687 | Slime:3  | Noticed an acid blob
 11845 | Slime:4  | Noticed a rockslime
 11846 | Slime:4  | Noticed a quicksilver ooze
 11849 | Slime:4  | Noticed a quicksilver ooze
 11872 | Slime:4  | Noticed an azure jelly
 11883 | Slime:4  | Noticed an acid blob
 11909 | Slime:4  | Noticed an acid blob
 11958 | Slime:5  | Entered Level 5 of the Pits of Slime
 11970 | Slime:5  | Noticed an acid blob
 11993 | Slime:5  | Noticed a rockslime
 12018 | Slime:5  | Noticed an azure jelly
 12018 | Slime:5  | Noticed a quicksilver ooze
 12022 | Slime:5  | Noticed an acid blob
 12026 | Slime:5  | Noticed an acid blob
 12032 | Slime:5  | Noticed an azure jelly
 12040 | Slime:5  | Noticed an acid blob
 12047 | Slime:5  | Noticed an acid blob
 12048 | Slime:5  | Noticed an acid blob
 12060 | Slime:5  | Noticed a quicksilver ooze
 12078 | Slime:5  | Found a viscous altar of Jiyva.
 12115 | Slime:5  | Noticed an acid blob
 12115 | Slime:5  | Noticed an acid blob
 12119 | Slime:5  | Noticed a quicksilver ooze
 12122 | Slime:5  | Noticed an azure jelly
 12126 | Slime:5  | Noticed an azure jelly
 12166 | Slime:5  | Noticed an acid blob
 12186 | Slime:5  | Noticed an acid blob
 12192 | Slime:5  | Noticed the Royal Jelly
 12200 | Slime:5  | Noticed a quicksilver ooze
 12520 | Slime:4  | Noticed a quicksilver ooze
 12520 | Slime:4  | Noticed a quicksilver ooze
 12716 | Slime:4  | Noticed a quicksilver ooze
 12837 | Lair:6   | Reached skill level 13 in Shields
 13126 | Lair:6   | Reached ****** piety under Jiyva
 13293 | Slime:5  | Identified the ring "Xaath" {rF+ Will- Int+8 SInv}
 13295 | Slime:5  | Identified the +5 chain mail of Lilacs {Will+}
 13316 | Slime:5  | Identified the ring of Laacenun {*Slow rC++ rCorr EV+4
                  | Dex+4}
 13319 | Slime:5  | Identified the +5 great sword of the Head {chaos, Fragile
                  | rElec MP+9 Str+7}
 13337 | Slime:5  | Got a slimy rune of Zot
 13368 | Slime:5  | Identified the +0 helmet "Vumes" {Int+2}
 13372 | Slime:5  | Identified the +2 plate armour of Hunujum {rCorr Str-3
                  | Dex+3}
 13375 | Slime:5  | Identified the +2 whip of Premature Burial {speed, Int+3}
 14421 | Spider:1 | Entered Level 1 of the Spider Nest
 14441 | Spider:1 | Noticed Rupert
 14453 | Lair:3   | Slimified Rupert
 14453 | Lair:3   | Noticed Rupert
 14453 | Lair:3   | Rupert changed into Rupert the acid blob
 14456 | Lair:3   | Killed Rupert the acid blob
 14501 | Swamp:1  | Entered Level 1 of the Swamp
 14538 | Swamp:1  | Reached skill level 14 in Shields
 14797 | Swamp:1  | Noticed a fenstrider witch
 14805 | Swamp:1  | Killed a fenstrider witch
 14814 | Swamp:1  | Reached skill level 10 in Fighting
 14818 | Swamp:1  | Reached XP level 15. HP: 121/138 MP: 6/6
 15277 | Swamp:2  | Noticed Jorgrun
 15395 | Swamp:2  | Killed Jorgrun
 15425 | Swamp:2  | Identified the +1 ring mail of Wideatres {Harm Dex+5}
 15587 | Swamp:2  | Noticed Kirke
 15610 | Swamp:2  | Noticed a thorn hunter
 15622 | Swamp:2  | Killed a thorn hunter
 15697 | Swamp:2  | Killed Kirke
 15717 | Swamp:2  | You fall into a shaft and drop 1 floor!
 15854 | Swamp:3  | Lost mutation: You are partially covered in iridescent
                  | scales. (AC +2) [Jiyva's grace]
 15854 | Swamp:3  | Lost mutation: Your mind is acute. (Int +2) [Jiyva's grace]
 15854 | Swamp:3  | Lost mutation: Your muscles are strong. (Str +2) [Jiyva's
                  | grace]
 15854 | Swamp:3  | Lost mutation: You have a small jelly attached to you that
                  | may absorb projectiles. [Jiyva's grace]
 15854 | Swamp:3  | Gained mutation: You have acidic saliva. [Jiyva's grace]
 15854 | Swamp:3  | Gained mutation: You are strong-willed. (Will+) [Jiyva's
                  | grace]
 15854 | Swamp:3  | Gained mutation: You are highly strong-willed. (Will++)
                  | [Jiyva's grace]
 15854 | Swamp:3  | Gained mutation: You are extremely strong-willed. (Will+++)
                  | [Jiyva's grace]
 15981 | Swamp:3  | Reached skill level 15 in Maces & Flails
 16596 | Swamp:4  | Entered Level 4 of the Swamp
 16596 | Swamp:4  | Noticed a tentacled monstrosity
 16600 | Swamp:4  | Killed a tentacled monstrosity
 16633 | Swamp:4  | Reached skill level 15 in Shields
 16835 | Swamp:4  | Noticed a fenstrider witch
 16838 | Swamp:4  | Killed a fenstrider witch
 16985 | Swamp:4  | Got a decaying rune of Zot
 17110 | Swamp:4  | Reached XP level 16. HP: 150/150 MP: 2/2
 17126 | Swamp:4  | Identified the +6 morningstar of War {vorpal, rF+ Will-
                  | MP+9 Int+5}
 18369 | Spider:1 | Reached skill level 16 in Shields
 18462 | Spider:2 | Lost mutation: You are extremely strong-willed. (Will+++)
                  | [Jiyva's grace]
 18462 | Spider:2 | Lost mutation: Your pliable body absorbs attacks. (AC +2,
                  | EV +2) [Jiyva's grace]
 18462 | Spider:2 | Gained mutation: Armour fits poorly on your pseudopods.
                  | [Jiyva's grace]
 18462 | Spider:2 | Gained mutation: Armour fits poorly on your large
                  | pseudopods. [Jiyva's grace]
 18462 | Spider:2 | Gained mutation: Armour fits poorly on your massive
                  | pseudopods. [Jiyva's grace]
 18462 | Spider:2 | Gained mutation: You have hidden genetic potential.
                  | [Jiyva's grace]
 19365 | Lair:2   | Noticed Nergalle
 19373 | Lair:2   | Killed Nergalle
 19978 | D:7      | Bought a manual of Armour for 960 gold pieces
 20421 | Spider:3 | Reached skill level 17 in Shields
 20421 | Spider:3 | Reached XP level 17. HP: 157/159 MP: 1/1
 20598 | Spider:3 | Lost mutation: Your rubbery body absorbs attacks. (AC +1,
                  | EV +1) [Jiyva's grace]
 20598 | Spider:3 | Lost mutation: Armour fits poorly on your massive
                  | pseudopods. [Jiyva's grace]
 20598 | Spider:3 | Lost mutation: Armour fits poorly on your large pseudopods.
                  | [Jiyva's grace]
 20598 | Spider:3 | Lost mutation: You expend magic power (3 MP) to strengthen
                  | your wands. [Jiyva's grace]
 20598 | Spider:3 | Gained mutation: You are partially covered in iridescent
                  | scales. (AC +2) [Jiyva's grace]
 20598 | Spider:3 | Gained mutation: You are mostly covered in iridescent
                  | scales. (AC +4) [Jiyva's grace]
 20598 | Spider:3 | Gained mutation: You are completely covered in iridescent
                  | scales. (AC +6) [Jiyva's grace]
 20598 | Spider:3 | Gained mutation: You have a small jelly attached to you
                  | that may absorb projectiles. [Jiyva's grace]
 21006 | Spider:4 | Entered Level 4 of the Spider Nest
 21429 | Spider:4 | Gained mutation: Your mind is acute. (Int +2) [hidden
                  | potential]
 21501 | Spider:4 | Got a gossamer rune of Zot
 22055 | Orc:1    | Entered Level 1 of the Orcish Mines
 22069 | Orc:1    | Noticed Fannar
 22080 | Orc:1    | Killed Fannar
 22466 | Orc:2    | Entered Level 2 of the Orcish Mines
 22494 | Orc:2    | Reached skill level 18 in Shields
 22587 | Orc:2    | Found a staircase to the Elven Halls.
 22834 | Orc:2    | Found a bloodstained altar of Trog.
 22909 | Orc:2    | Found Ekhleec's Magic Scroll Boutique.
 22909 | Orc:2    | Found Nachegast's Armour Emporium.
 22911 | Orc:2    | Found Femuoj's Assorted Antiques.
 22913 | Orc:2    | Found Unofroerey's Assorted Antiques.
 22926 | Orc:2    | Bought a pair of scorched boots for 247 gold pieces
 22926 | Orc:2    | Identified the +0 pair of boots of Wamutur {Str+4} (You
                  | bought it in a shop on level 2 of the Orcish Mines)
 22927 | Orc:2    | Bought a runed jade amulet for 130 gold pieces
 22927 | Orc:2    | Bought a lumpy garnet amulet for 130 gold pieces
 23080 | Orc:1    | Lost mutation: You are completely covered in iridescent
                  | scales. (AC +6) [Jiyva's grace]
 23080 | Orc:1    | Lost mutation: You are highly strong-willed. (Will++)
                  | [Jiyva's grace]
 23080 | Orc:1    | Gained mutation: Your melee attacks may engulf your foes in
                  | ooze. [Jiyva's grace]
 23080 | Orc:1    | Gained mutation: You are completely covered in iridescent
                  | scales. (AC +6) [Jiyva's grace]
 23080 | Orc:1    | Gained mutation: You are robust. (+10% HP) [Jiyva's grace]
 23080 | Orc:1    | Gained mutation: You are very robust. (+20% HP) [Jiyva's
                  | grace]
 23325 | Elf:1    | Entered Level 1 of the Elven Halls
 23750 | Elf:1    | Paralysed by an air elemental for 1 turns
 23832 | Elf:1    | Got the Tome of Black Arts
 23875 | Elf:1    | Identified the +2 leather armour of Hounnyni {+Blink Regen+
                  | Stlth-}
 23927 | Elf:1    | Noticed Asterion
 23938 | Elf:1    | Killed Asterion
 23939 | Elf:1    | Gained mutation: You passively map a large area around you.
                  | [Deep Dwarf growth]
 23939 | Elf:1    | Reached XP level 18. HP: 191/205 MP: 1/1
 24408 | Elf:2    | Found a runed translucent gate.
 24409 | Elf:2    | Found a runed translucent gate.
 24409 | Elf:2    | Found a runed translucent gate.
 24526 | Elf:2    | Identified the +11 great sword "Rataenuy" {speed, rElec
                  | Int+4 Dex+4}
 24622 | Elf:2    | Reached skill level 19 in Shields
 24810 | Elf:2    | Lost mutation: You are completely covered in iridescent
                  | scales. (AC +6) [Jiyva's grace]
 24810 | Elf:2    | Lost mutation: Your mind is acute. (Int +2) [Jiyva's grace]
 24810 | Elf:2    | Lost mutation: You are strong-willed. (Will+) [Jiyva's
                  | grace]
 24810 | Elf:2    | Lost mutation: You have hidden genetic potential. [Jiyva's
                  | grace]
 24810 | Elf:2    | Lost mutation: Your movements are slightly less encumbered
                  | by armour. (ER -2) [Jiyva's grace]
 24810 | Elf:2    | Lost mutation: Your melee attacks may engulf your foes in
                  | ooze. [Jiyva's grace]
 24810 | Elf:2    | Gained mutation: Your skin changes colour to match your
                  | surroundings (Stealth+). [Jiyva's grace]
 24810 | Elf:2    | Gained mutation: Your skin blends seamlessly with your
                  | surroundings (Stealth++). [Jiyva's grace]
 24810 | Elf:2    | Gained mutation: Your skin perfectly mimics your
                  | surroundings (Stealth+++). [Jiyva's grace]
 24810 | Elf:2    | Gained mutation: You have hidden genetic potential.
                  | [Jiyva's grace]
 24821 | Elf:2    | Found a magical portal.
 24826 | WizLab   | Entered Maxwell's Workshop
 24865 | WizLab   | Reached skill level 15 in Armour
 24974 | WizLab   | Identified the +0 trident "Helulun" {holy, Dex+2}
 25005 | WizLab   | Noticed an electric golem
 25012 | WizLab   | Killed an electric golem
 25021 | WizLab   | Found the +7 Singing Sword {vorpal, sonic wave}
 25046 | WizLab   | Identified the +2 broad axe of Distant Worlds {speed,
                  | +Blink rPois rC+ Dex-4}
 25147 | WizLab   | Identified the ring of Barghust {Fire Str+4}
 25529 | Elf:2    | Got the Handbook of Confrontation
 26027 | Elf:3    | Entered Level 3 of the Elven Halls
 26027 | Elf:3    | Found a portal to a secret trove of treasure.
 26126 | Elf:3    | Reached XP level 19. HP: 216/219 MP: 2/2
 26164 | Elf:3    | Reached skill level 20 in Shields
 26172 | Elf:3    | Noticed a Tzitzimitl
 26212 | Elf:3    | Identified the +4 war axe "Emehen" {vorpal, rF+ Dex+5}
 26220 | Elf:3    | Identified the +8 plate armour of Paranoia {Harm rC++}
 26227 | Elf:3    | Found Unius's Distillery.
 26255 | Elf:3    | Bought a potion of heal wounds for 85 gold pieces
 26271 | Elf:3    | Found Qyjo's Antique Weapon Shop.
 26305 | Elf:3    | Paralysed by an air elemental for 1 turns
 26318 | Elf:3    | Gained mutation: You are strong-willed. (Will+) [hidden
                  | potential]
 26364 | Elf:3    | Reached skill level 1 in Evocations
 26374 | Elf:3    | Found Epaxt's Antique Armour Emporium.
 26401 | Elf:3    | Found Kidixosh's Armour Emporium.
 26407 | Elf:3    | Bought a +0 tower shield for 76 gold pieces
 26413 | Elf:3    | Found Qepiv's Book Shoppe.
 26461 | Elf:3    | Lost mutation: Your skin perfectly mimics your surroundings
                  | (Stealth+++). [Jiyva's grace]
 26461 | Elf:3    | Lost mutation: Your skin blends seamlessly with your
                  | surroundings (Stealth++). [Jiyva's grace]
 26461 | Elf:3    | Lost mutation: You are strong-willed. (Will+) [Jiyva's
                  | grace]
 26461 | Elf:3    | Lost mutation: You are very robust. (+20% HP) [Jiyva's
                  | grace]
 26461 | Elf:3    | Lost mutation: Armour fits poorly on your pseudopods.
                  | [Jiyva's grace]
 26461 | Elf:3    | Gained mutation: You are strong-willed. (Will+) [Jiyva's
                  | grace]
 26461 | Elf:3    | Gained mutation: You are highly strong-willed. (Will++)
                  | [Jiyva's grace]
 26461 | Elf:3    | Gained mutation: You are extremely strong-willed. (Will+++)
                  | [Jiyva's grace]
 26461 | Elf:3    | Gained mutation: You expend magic power (3 MP) to
                  | strengthen your wands. [Jiyva's grace]
 26474 | Elf:3    | Identified the +4 mace of Courage {venom, rPois rC- rN++
                  | Will+}
 26519 | Elf:3    | Identified the +9 flail "Giantslayer" {freeze, rElec Dex+2}
 26519 | Elf:3    | Identified the ring "Huir" {rF+ rN+ Will+ Int+2}
 26593 | Elf:3    | Found the +0 pair of fencer's gloves {Riposte Dex+3}
 26595 | Elf:3    | Got the Tome of Poisonous Confrontation
 26597 | Elf:3    | Got the Papyrus of Flying Orientation
 26612 | Elf:3    | Reached skill level 1 in Long Blades
 26618 | Elf:3    | Got the Tome of Feathery Creation
 26626 | Elf:3    | Identified the +2 halberd of Terra Cotta {freeze, Dex+4}
 26626 | Elf:3    | Identified the ring "Hapabepn" {Wiz Int+3 Dex+7}
 26634 | Elf:3    | Identified the +1 plate armour of Satisfaction {Stlth+}
 27155 | Temple   | Entered the Ecumenical Temple
 27888 | D:11     | Identified the +1 robe of Somewhere Else {Contam rN++
                  | Slay+5}
 28359 | D:12     | Noticed Maurice
 28359 | D:12     | Noticed Nessos
 28366 | D:12     | Killed Maurice
 28383 | D:12     | Killed Nessos
 28457 | D:12     | Noticed Psyche
 28464 | D:12     | Killed Psyche
 28570 | D:12     | Lost mutation: You are mostly covered in iridescent scales.
                  | (AC +4) [Jiyva's grace]
 28570 | D:12     | Lost mutation: You have acidic saliva. [Jiyva's grace]
 28570 | D:12     | Lost mutation: You have a small jelly attached to you that
                  | may absorb projectiles. [Jiyva's grace]
 28570 | D:12     | Lost mutation: You expend magic power (3 MP) to strengthen
                  | your wands. [Jiyva's grace]
 28570 | D:12     | Gained mutation: You are agile. (Dex +2) [Jiyva's grace]
 28570 | D:12     | Gained mutation: You are very agile. (Dex +4) [Jiyva's
                  | grace]
 28570 | D:12     | Gained mutation: Your body has grown eyes which may confuse
                  | attackers. (Acc +3) [Jiyva's grace]
 28570 | D:12     | Gained mutation: Your body has grown many eyes which may
                  | confuse attackers. (Acc +5) [Jiyva's grace]
 28736 | D:12     | Found a frozen archway.
 28751 | IceCv    | Entered an ice cave
 29006 | IceCv    | Reached skill level 5 in Long Blades
 29033 | IceCv    | Got Sif Muna's Papyrus of Ice
 30221 | D:14     | Found a shimmering altar of Xom.
 30221 | D:14     | Found a shimmering altar of Xom.
 30221 | D:14     | Found a shimmering altar of Xom.
 30221 | D:14     | Found a shimmering altar of Xom.
 30221 | D:14     | Found a shimmering altar of Xom.
 30222 | D:14     | Found a shimmering altar of Xom.
 30413 | D:14     | Found a gate to the Vaults.
 30421 | Vaults:1 | Entered Level 1 of the Vaults
 30581 | Vaults:1 | Reached skill level 15 in Fighting
 30622 | Vaults:1 | Reached skill level 21 in Shields
 30622 | Vaults:1 | Reached XP level 20. HP: 195/213 MP: 2/2
 30839 | Vaults:1 | Lost mutation: You possess an exceptional clarity of mind.
                  | [Jiyva's grace]
 30839 | Vaults:1 | Lost mutation: You are extremely strong-willed. (Will+++)
                  | [Jiyva's grace]
 30839 | Vaults:1 | Gained mutation: You have acidic saliva. [Jiyva's grace]
 30839 | Vaults:1 | Gained mutation: Your melee attacks may engulf your foes in
                  | ooze. [Jiyva's grace]
 30839 | Vaults:1 | Gained mutation: You passively dampen the noise of your
                  | surroundings. [Jiyva's grace]
 30839 | Vaults:1 | Gained mutation: You have large cloven feet. [Jiyva's
                  | grace]
 31259 | Vaults:1 | Identified the +5 spear of Unpleasantness {vorpal, *Noise
                  | +Blink rPois Will+}
 31705 | Vaults:2 | Found Cibedoiv's Antique Armour Boutique.
 31884 | Vaults:2 | Noticed Bai Suzhen
 31895 | Vaults:2 | Killed Bai Suzhen
 31896 | Vaults:2 | Reached skill level 10 in Long Blades
 31941 | Vaults:2 | Noticed Sojobo
 31944 | Vaults:2 | Paralysed by an air elemental for 1 turns
 31947 | Vaults:2 | Killed Sojobo
 31948 | Vaults:2 | Reached skill level 5 in Stealth
 32050 | Vaults:2 | Lost mutation: You are highly strong-willed. (Will++)
                  | [Jiyva's grace]
 32050 | Vaults:2 | Lost mutation: You have acidic saliva. [Jiyva's grace]
 32050 | Vaults:2 | Lost mutation: Your melee attacks may engulf your foes in
                  | ooze. [Jiyva's grace]
 32050 | Vaults:2 | Gained mutation: Your rubbery body absorbs attacks. (AC +1,
                  | EV +1) [Jiyva's grace]
 32050 | Vaults:2 | Gained mutation: Your pliable body absorbs attacks. (AC +2,
                  | EV +2) [Jiyva's grace]
 32050 | Vaults:2 | Gained mutation: Your gelatinous body deflects attacks. (AC
                  | +3, EV +3) [Jiyva's grace]
 32050 | Vaults:2 | Gained mutation: Your flesh is cold resistant. (rC+)
                  | [Jiyva's grace]
 32102 | Vaults:2 | Noticed Saint Roka
 32119 | Vaults:2 | Killed Saint Roka
 32197 | Vaults:2 | You fall into a shaft and drop 1 floor!
 32701 | Vaults:3 | Noticed Nikola
 32728 | Vaults:3 | Killed Nikola
 32945 | Vaults:3 | Found a staircase to the Crypt.
 32976 | Vaults:3 | Identified the +6 dire flail "Ynerch" {flame, rC+ Str+8
                  | Int-4 SInv}
 33013 | Vaults:3 | Found a transporter.
 33034 | Vaults:3 | Found a transporter.
 33067 | Vaults:3 | Noticed Donald
 33073 | Vaults:3 | Reached XP level 21. HP: 193/224 MP: 1/1
 33080 | Vaults:3 | Killed Donald
 33186 | Vaults:3 | Reached skill level 22 in Shields
 33203 | Vaults:3 | Found Kot Ximp's General Store.
 33208 | Vaults:3 | Bought a potion of heal wounds for 100 gold pieces
 33531 | Vaults:3 | Gained mutation: You possess an exceptional clarity of
                  | mind. [hidden potential]
 33531 | Vaults:3 | Lost mutation: You have hidden genetic potential. [hidden
                  | potential expressed]
 33566 | Vaults:3 | Reached skill level 10 in Dodging
 33794 | Vaults:4 | Noticed Jory
 33822 | Vaults:3 | Killed Jory
 34046 | Vaults:4 | Lost mutation: You have large cloven feet. [Jiyva's grace]
 34046 | Vaults:4 | Lost mutation: Your body has grown many eyes which may
                  | confuse attackers. (Acc +5) [Jiyva's grace]
 34046 | Vaults:4 | Gained mutation: Your system is resistant to poisons.
                  | (rPois) [Jiyva's grace]
 34046 | Vaults:4 | Gained mutation: Your muscles are strong. (Str +2) [Jiyva's
                  | grace]
 34046 | Vaults:4 | Gained mutation: Your muscles are very strong. (Str +4)
                  | [Jiyva's grace]
 34046 | Vaults:4 | Gained mutation: You are partially covered in large bone
                  | plates. (SH +4) [Jiyva's grace]
 34081 | Vaults:4 | Noticed Aizul
 34093 | Vaults:4 | Killed Aizul
 34880 | Vaults:5 | Entered Level 5 of the Vaults
 34880 | Vaults:5 | Noticed a golden dragon
 34941 | Vaults:5 | Killed a golden dragon
 34967 | Vaults:5 | Noticed an ancient lich
 35060 | Vaults:5 | Killed an ancient lich
 35061 | Vaults:5 | Reached skill level 23 in Shields
 35119 | Vaults:5 | Reached XP level 22. HP: 159/235 MP: 2/2
 35157 | Vaults:5 | Found Zisis's Armour Boutique.
 35193 | Vaults:5 | Identified the +0 scale mail of Lifelessness {+Inv rPois
                  | rF++ Will-}
 35273 | Vaults:5 | Got the Papyrus of Unstable Toxins
 35309 | Vaults:5 | Noticed an ancient lich
 35328 | Vaults:5 | Killed an ancient lich
 35372 | Vaults:5 | Got a silver rune of Zot
 35449 | Vaults:5 | Noticed a golden dragon
 35456 | Vaults:5 | Identified the +10 hand axe "Jellyslayer" {vorpal, Fly
                  | rCorr Str+2 Dex+4}
 35462 | Vaults:5 | Killed a golden dragon
 35565 | Vaults:5 | Lost mutation: Your skin changes colour to match your
                  | surroundings (Stealth+). [Jiyva's grace]
 35565 | Vaults:5 | Lost mutation: Your system is resistant to poisons. (rPois)
                  | [Jiyva's grace]
 35565 | Vaults:5 | Lost mutation: Your gelatinous body deflects attacks. (AC
                  | +3, EV +3) [Jiyva's grace]
 35565 | Vaults:5 | Gained mutation: You are somewhat resistant to further
                  | mutation. [Jiyva's grace]
 35565 | Vaults:5 | Gained mutation: You are somewhat resistant to both further
                  | mutation and mutation removal. [Jiyva's grace]
 35565 | Vaults:5 | Gained mutation: You are almost entirely resistant to
                  | further mutation and mutation removal. [Jiyva's grace]
 35565 | Vaults:5 | Gained mutation: You expend magic power (3 MP) to
                  | strengthen your wands. [Jiyva's grace]
 35655 | Vaults:5 | Noticed a dread lich
 35662 | Vaults:5 | Killed a dread lich
 35731 | Vaults:5 | Identified the +0 leather armour of Snakes and Ladders {rN+
                  | rCorr}
 35772 | Vaults:5 | Reached skill level 24 in Shields
 36059 | Vaults:5 | Got the Almanac of Displacement
 36600 | D:15     | Entered Level 15 of the Dungeon
 36874 | D:14     | Found a runed translucent door.
 36881 | D:14     | Noticed cbfl8's ghost (journeyman MiBe)
 36895 | D:14     | Killed cbfl8's ghost
 36904 | D:14     | Identified the +9 demon trident of Incongruity {vamp, rElec
                  | Will+}
 37386 | D:15     | Noticed Josephine
 37396 | D:15     | Killed Josephine
 37413 | D:15     | Noticed Louise
 37422 | D:15     | Killed Louise
 37432 | D:15     | Identified Roxanne's Grimoire of the Mountains
 37432 | D:15     | Noticed Roxanne
 37440 | D:15     | Killed Roxanne
 37720 | D:15     | Lost mutation: You possess an exceptional clarity of mind.
                  | [Jiyva's grace]
 37720 | D:15     | Lost mutation: You are almost entirely resistant to further
                  | mutation and mutation removal. [Jiyva's grace]
 37720 | D:15     | Lost mutation: You expend magic power (3 MP) to strengthen
                  | your wands. [Jiyva's grace]
 37720 | D:15     | Gained mutation: You are covered in fur. (AC +1) [Jiyva's
                  | grace]
 37720 | D:15     | Gained mutation: You are covered in thick fur. (AC +2)
                  | [Jiyva's grace]
 37720 | D:15     | Gained mutation: Your thick and shaggy fur keeps you warm.
                  | (AC +3, rC+) [Jiyva's grace]
 37720 | D:15     | Gained mutation: Your melee attacks may engulf your foes in
                  | ooze. [Jiyva's grace]
 38196 | D:15     | Found a staircase to the Depths.
 38221 | Depths:1 | Entered Level 1 of the Depths
 38270 | Depths:1 | Found a one-way gate to the infinite horrors of the Abyss.
 38275 | Depths:1 | Voluntarily entered the Abyss.
 38711 | Abyss:1  | Found a stormy altar of Qazlal.
 38857 | Abyss:2  | Found a transporter.
 38860 | Abyss:2  | Found a transporter.
 38861 | Abyss:2  | Found a corrupted altar of Lugonu.
 38909 | Abyss:2  | Identified the amulet "Jeshros" {Spirit *Slow rN+ Regen+}
 39002 | Abyss:2  | Found a transporter.
 39080 | Abyss:2  | Found a transporter.
 39146 | Abyss:2  | Found a transporter.
 39275 | Depths:1 | Escaped the Abyss
 39340 | Depths:1 | Found a gateway to Hell.
 39463 | Depths:1 | Found a hazy altar of Hepliaklqana.
 39689 | Depths:1 | Reached skill level 15 in Long Blades
 39751 | Depths:1 | Reached XP level 23. HP: 210/247 MP: 2/2
 39915 | Depths:1 | Found Afudi's Book Shoppe.
 39915 | Depths:1 | Found Agrum's Jewellery Shop.
 39916 | Depths:1 | Found Ynoess Pith's Book Shoppe.
 40150 | Depths:2 | Found a corrupted altar of Lugonu.
 40364 | Depths:2 | Reached skill level 25 in Shields
 40529 | Depths:2 | Noticed a juggernaut
 40538 | Depths:2 | Killed a juggernaut
 40886 | Depths:2 | Found a one-way gate leading to the halls of Pandemonium.
 41108 | Depths:3 | Identified the +2 helmet of Untruth {Regen+}
 41532 | Depths:3 | Lost mutation: You are very agile. (Dex +4) [Jiyva's grace]
 41532 | Depths:3 | Lost mutation: You are somewhat resistant to both further
                  | mutation and mutation removal. [Jiyva's grace]
 41532 | Depths:3 | Lost mutation: You passively dampen the noise of your
                  | surroundings. [Jiyva's grace]
 41532 | Depths:3 | Gained mutation: Armour fits poorly on your pseudopods.
                  | [Jiyva's grace]
 41532 | Depths:3 | Gained mutation: Armour fits poorly on your large
                  | pseudopods. [Jiyva's grace]
 41532 | Depths:3 | Gained mutation: Armour fits poorly on your massive
                  | pseudopods. [Jiyva's grace]
 41532 | Depths:3 | Gained mutation: You are covered in slimy tendrils that may
                  | disarm your opponents. [Jiyva's grace]
 42061 | Depths:4 | Entered Level 4 of the Depths
 42062 | Depths:4 | Found a one-way gateway to a ziggurat.
 42395 | Depths:4 | Found a gate to the Realm of Zot.
 42417 | Zot:1    | Entered Level 1 of the Realm of Zot
 42756 | Zot:1    | Reached skill level 26 in Shields
 43104 | Zot:2    | Noticed a curse toe
 43112 | Zot:2    | Reached XP level 24. HP: 216/259 MP: 2/2
 43255 | Zot:2    | Lost mutation: You are agile. (Dex +2) [Jiyva's grace]
 43255 | Zot:2    | Lost mutation: You are strong-willed. (Will+) [Jiyva's
                  | grace]
 43255 | Zot:2    | Lost mutation: You are robust. (+10% HP) [Jiyva's grace]
 43255 | Zot:2    | Lost mutation: Your thick and shaggy fur keeps you warm.
                  | (AC +3, rC+) [Jiyva's grace]
 43255 | Zot:2    | Lost mutation: Your pliable body absorbs attacks. (AC +2,
                  | EV +2) [Jiyva's grace]
 43255 | Zot:2    | Lost mutation: Armour fits poorly on your massive
                  | pseudopods. [Jiyva's grace]
 43255 | Zot:2    | Lost mutation: You are covered in slimy tendrils that may
                  | disarm your opponents. [Jiyva's grace]
 43255 | Zot:2    | Gained mutation: Your body has grown many eyes which may
                  | confuse attackers. (Acc +5) [Jiyva's grace]
 43255 | Zot:2    | Gained mutation: Your body is covered in eyes which may
                  | confuse attackers. (Acc +7, SInv) [Jiyva's grace]
 43255 | Zot:2    | Gained mutation: You expend magic power (3 MP) to
                  | strengthen your wands. [Jiyva's grace]
 43255 | Zot:2    | Gained mutation: Your pliable body absorbs attacks. (AC +2,
                  | EV +2) [Jiyva's grace]
 43296 | Zot:2    | Reached skill level 1 in Polearms
 43578 | Zot:2    | Found Myfupt's Changing Room.
 45033 | Zot:4    | Lost mutation: You are partially covered in iridescent
                  | scales. (AC +2) [Jiyva's grace]
 45033 | Zot:4    | Lost mutation: You are somewhat resistant to further
                  | mutation. [Jiyva's grace]
 45033 | Zot:4    | Lost mutation: You are covered in thick fur. (AC +2)
                  | [Jiyva's grace]
 45033 | Zot:4    | Lost mutation: Your body is covered in eyes which may
                  | confuse attackers. (Acc +7, SInv) [Jiyva's grace]
 45033 | Zot:4    | Lost mutation: Armour fits poorly on your large pseudopods.
                  | [Jiyva's grace]
 45033 | Zot:4    | Gained mutation: Armour fits poorly on your large
                  | pseudopods. [Jiyva's grace]
 45033 | Zot:4    | Gained mutation: Armour fits poorly on your massive
                  | pseudopods. [Jiyva's grace]
 45033 | Zot:4    | Gained mutation: You are agile. (Dex +2) [Jiyva's grace]
 45033 | Zot:4    | Gained mutation: You are very agile. (Dex +4) [Jiyva's
                  | grace]
 45068 | Zot:4    | Reached skill level 27 in Shields
 45783 | Zot:5    | Entered Level 5 of the Realm of Zot
 46284 | Zot:5    | Noticed a dread lich
 46289 | Zot:5    | Noticed a Killer Klown
 46295 | Zot:5    | Noticed an orb of fire
 46296 | Zot:5    | Noticed a Killer Klown
 46296 | Zot:5    | Noticed a Killer Klown
 46297 | Zot:5    | Noticed a juggernaut
 46297 | Zot:5    | a Killer Klown changed into a juggernaut
 46297 | Zot:5    | Noticed a Killer Klown
 46301 | Zot:5    | Gained mutation: Your body sometimes deteriorates upon
                  | taking damage. [an orb of fire]
 46306 | Zot:5    | a Killer Klown changed into a stone giant
 46307 | Zot:5    | Killed from afar by an orb of fire

Illustrated notes

Levels and vault maps discovered:
D:1:      lemuel_arrival_muddy, layout_loops_ring,
          hellmonk_ecumenical_altar_watching_god, minmay_split_cup_large
D:2:      layout_basic, basic_altar, serial_shops, nicolae_shop_statue_plus,
          uniq_jessica
D:3:      layout_loops_cross, ebering_ghost_reflecting_pool, uniq_natasha,
          uniq_grinder
D:4:      layout_basic, serial_shops, shop, nicolae_shop_self_help
D:5:      layout_rooms, minmay_temple_entry_oklob, serial_glass,
          glass_columns_c, glass_columns_a, glass_columns_b, glass_columns_b,
          feat_on_display, minmay_strange_pillars, corexii_leaking_fountain,
          minmay_hedge_maze, grunt_ministairs_11
D:6:      layout_basic
D:7:      layout_cave_pools, mainiacjoe_overflow_alcove_1, serial_shops,
          nicolae_shop_bloodbath_and_beyond, shop, shop,
          nicolae_take_the_stairs, serial_gnoll_camp, gnoll_camp_mini_doghouse,
          gnoll_camp_medium_01, gnoll_camp_mini_shop, grums_kennel,
          enter_bailey_5, minmay_ruffians
D:8:      layout_loops_corners, jiyva_altar_1
D:9:      layout_roguey, nicolae_overflow_hidden_temple, david_orc_2, uniq_erica
D:10:     layout_loops_ring, dpeg_oklobed_lair
D:11:     layout_irregular_city
D:12:     layout_basic, portal_ice_cave_rime, uniq_maurice, uniq_psyche,
          uniq_nessos
D:13:     layout_loops_ring
D:14:     layout_roguey, david_vaults_1, xom_redecorated,
          ebering_ghost_reflecting_pool, water_maze_lemuel
D:15:     grunt_enter_depths_magical_seal, layout_grid_maze, special_room
          [special_room_mythical_zoo], nicolae_concentric_dashed_squares_wild,
          uniq_roxanne, uniq_josephine, uniq_louise
Temple:   eino_narrow_crystal_temple
Lair:1:   layout_gridlike, grunt_megastairs_5
Lair:2:   layout_cave_pods, infiniplex_staircase_pool, grunt_megastairs_1,
          uniq_nergalle
Lair:3:   layout_roguey, skrybe_swamp_entry_bodies,
          hellmonk_spider_entry_not_the_bees, nicolae_volcano_entry_lava_flow,
          cheibrodos_lair_reptile_den, lemuel_fruit_fields,
          infiniplex_staircase_pool_2, uniq_prince_ribbit2
Lair:4:   layout_gridlike, grunt_megastairs_3, lemuel_fruit_fields
Lair:5:   regret_index_combs_of_tragedy, layout_regular_city, fungi_pond_lemuel,
          uniq_snorg
Lair:6:   hangedman_lair_tendril_chambers, layout_small_grid,
          guppyfry_lair_end_dragon, dpeg_slime_entry_enclosed_altar,
          serial_bayou_shore_a, lemuel_fruit_tree
Swamp:1:  layout_falls_marsh, nicolae_swamp_trees_clearing,
          nicolae_swamp_spooky_pond
Swamp:2:  layout_falls_marsh, nicolae_swamp_oxbows, swamp_pool1, uniq_jorgrun,
          uniq_kirke
Swamp:3:  layout_basic_swamp, evilmike_swamp_ruin_rubble_2, swamp_pool1,
          cheibrodos_swamp_minitomb
Swamp:4:  swamp_icy, layout_basic_swamp
Spider:1: layout_spider_delve, uniq_rupert
Spider:2: layout_spider_delve, drop_trap, hangedman_spider_tarantella_strand
Spider:3: layout_spider_delve
Spider:4: hellmonk_spider_rune_endless_swarm, nicolae_orb_stairs
Slime:1:  layout_caves
Slime:2:  layout_caves, nicolae_slime_ancient_tower_intersection
Slime:3:  layout_caves
Slime:4:  layout_caves
Slime:5
Orc:1:    layout_diamond_mine, uniq_fannar
Orc:2:    st_orc_rangers, layout_diamond_mine, basic_altar
Elf:1:    layout_loops_corners, minmay_elf_necromancy, fountainhead,
          uniq_asterion
Elf:2:    nicolae_elf_blades_crystal_corner, layout_loops_cross,
          mu_enter_wizlab_7, minmay_elf_annihilation
Elf:3:    minmay_elf_hall_x, layout_geoelf_octagon, serial_shops, shop,
          nicolae_shop_behind_doors, nicolae_shop_hallway_plus, shop,
          nicolae_shop_behind_doors, enter_trove_1
Vaults:1: nicolae_vaults_network_star, hangedman_vaults_trim, v_misc_33,
          ontoclasm_vaults_decontamination, hangedman_vaults_trim, v_misc_27,
          vaults_dpeg_cross, st_cross, vaults_room_grunt_arrival_ludios,
          v_misc_23, layout_vaults_omnicross
Vaults:2: vaults_dpeg_encased_lava, nicolae_vaults_display_case, v_misc_29,
          v_misc_17, v_misc_31, hangedman_vaults_nails, nicolae_vaults_theta,
          vaults_room_pool, layout_vaults_omnigrid, serial_shops,
          nicolae_square_shop, uniq_sojobo, uniq_saint_roka, uniq_bai_suzhen
Vaults:3: minmay_crypt_entry_simple_corners, vaults_dpeg_diagonal, v_misc_2,
          v_alt_pattern_6, gammafunk_sealed_arena,
          ontoclasm_vaults_claustrophobia, v_rooms_3,
          nicolae_vaults_network_quinsquares
          [nicolae_vaults_network_quincunx_subvault,
          nicolae_vaults_network_quincunx_subvault,
          nicolae_vaults_network_quincunx_subvault,
          nicolae_vaults_network_quincunx_subvault], v_rooms_5, v_alt_pattern_2,
          nicolae_vaults_little_squares_4, vaults_room_semicircle,
          vaults_room_door_ring, layout_vaults_omnibox, serial_shops,
          nicolae_shop_hallway_plus, uniq_donald, uniq_nikola
Vaults:4: vaults_room_corners, vaults_room_fancy_cross,
          nicolae_vaults_ring_of_whatevers, nicolae_vaults_specimen_jars,
          nicolae_vaults_rhombus_7, vaults_room_hallway,
          nicolae_vaults_mini_display_case, nicolae_vaults_little_squares_4,
          vaults_room_semicircle, layout_vaults_chaotic_city, uniq_jory,
          uniq_aizul
Vaults:5
Depths:1: layout_forbidden_donut, kennysheep_big_empty_room,
          abyss_entry_small_statue_room, hell_entry, st_stairs_14,
          moated_statue, worldfamousw_hep_ancestral_shrine, minmay_shop_grove,
          firewood_loft
Depths:2: minmay_slanted_spiral_squares, layout_basic,
          grunt_hell_entry_dis_grunt, abyss_entry_flame_altar,
          rand_demon_pan_entry_3
Depths:3: minmay_skeletal_surprise, layout_gridlike, serial_aquarium,
          aquarium_bridge_island_large [aquarium_subvault_large_water,
          aquarium_subvault_wall, aquarium_subvault_bridge,
          aquarium_subvault_bridge, aquarium_subvault_window],
          aquarium_window_corner, aquarium_window_fake, aquarium_view_2c,
          aquarium_view_2c, aquarium_balcony_5b, aquarium_pool_1,
          chequers_serial_rivers_small_3, special_room [special_room_jelly],
          hangedman_geh_valley, abyss_entry, serial_bayou_shore_b,
          infiniplex_staircase_pool_lava
Depths:4: grunt_zot_entry_alcove, layout_cave_shapes, enter_ziggurat_f,
          roderic_roman_lattice, hell_entry, minmay_liquid_box
Zot:1:    layout_gridlike
Zot:2:    layout_gridlike, nicolae_transmutations_shop
Zot:3:    layout_onion_interference, st_stairs_8, bh_zot_lava_cross,
          grunt_megastairs_2
Zot:4:    layout_cathedral_of_symmetry
Zot:5:    layout_gridlike

Skill      XL: |  1  2  3  4  5  6  7  8  9 10 11 12 13 14 15 16 17 18 19 20 21 22 23 24 |
---------------+-------------------------------------------------------------------------+-----
Fighting       | 3 4 5 6 7 8 10 11 12 13 14 15 16 17 18 | 18.5
Axes           | 3 5 7 9 11 13 | 13.1
Armour         | 4 5 7 8 9 10 11 12 13 14 15 16 17 18 19 | 19.5
Stealth        | 1 2 3 4 5 6 8 |  8.3
Shields        | 4 5 7 8 10 12 14 15 17 18 19 21 23 24 26 27 | 27.0
Dodging        | 1 2 4 5 6 7 8 9 10 | 10.5
Maces & Flails | 3 8 10 12 14 15 16 17 18 19 | 19.0
Evocations     | 1 |  1.9
Long Blades    | 7 11 13 15 16 17 | 17.2
Polearms       | 3 |  3.3

Action                   |  1- 3 |  4- 6 |  7- 9 | 10-12 | 13-15 | 16-18 | 19-21 | 22-24 || total
-------------------------+-------+-------+-------+-------+-------+-------+-------+-------++-------
Melee: War axe           |   104 |    97 |   277 |   112 |       |       |       |       ||   590
       Morningstar       |       |       |       |   290 |   866 |  1158 |   262 |   143 ||  2719
       Bite              |       |       |       |       |    25 |   163 |    58 |       ||   246
       Pseudopods        |       |       |       |       |       |   269 |    21 |   180 ||   470
       Double sword      |       |       |       |       |       |       |   856 |  1112 ||  1968
       Demon trident     |       |       |       |       |       |       |       |    40 ||    40
Invok: Oozemancy         |       |       |       |     1 |       |       |       |       ||     1
       Slimify           |       |       |       |       |     1 |       |       |       ||     1
 Abil: Heal Wounds       |     1 |     2 |     9 |    17 |    29 |     3 |    18 |    11 ||    90
Evoke: Condenser vane    |       |       |       |       |       |       |     1 |     1 ||     2
       Phial of floods   |       |       |       |       |       |       |     1 |       ||     1
       Phantom mirror    |       |       |       |       |       |       |     1 |     1 ||     2
       Wand              |       |       |       |       |       |       |       |     4 ||     4
  Use: Scroll            |     2 |       |    13 |    12 |    12 |     1 |     7 |     8 ||    55
       Potion            |     2 |       |     1 |       |     6 |     2 |     6 |    14 ||    31
 Stab: Confused          |       |       |       |       |     2 |       |    18 |    17 ||    37
       Distracted        |       |       |       |       |       |     2 |       |     2 ||     4
       Paralysed         |       |       |       |       |       |       |       |     1 ||     1
Armor: Scale mail        |     8 |       |       |       |       |       |       |       ||     8
       Plate armour      |   122 |    63 |   165 |   255 |   369 |    57 |   725 |   525 ||  2281
       Chain mail        |       |       |       |       |   292 |   513 |       |       ||   805
Dodge: Dodged            |    42 |    45 |   132 |   214 |   610 |   695 |   635 |   478 ||  2851
Block: Buckler           |    30 |    26 |    79 |     6 |       |       |       |       ||   141
       Kite shield       |       |       |       |   415 |  1051 |  1252 |  1458 |   219 ||  4395
       Tower shield      |       |       |       |       |       |       |       |  1866 ||  1866
       Reflection        |       |       |       |       |       |       |       |     7 ||     7
